 Dungeon Crawl Stone Soup version 0.17.2-1-ge4368a0 (webtiles) character file.

512 Alipheese the Chopper (level 7, 0/62 HPs)
             Began as a Naga Fighter on Oct 21, 2017.
             Succumbed to an adder's poison
             ... on level 5 of the Dungeon.
             The game lasted 00:05:41 (4134 turns).

Alipheese the Chopper (Naga Fighter)                Turns: 4134, Time: 00:05:42

Health: 0/62       AC: 10    Str: 20    XL:     7   Next: 19%
Magic:  7/7        EV:  5    Int:  8    God:
Gold:   78         SH:  0    Dex: 11    Spells: 0 memorised, 6 levels left

rFire  . . .     SeeInvis +     a - +1 war axe
rCold  . . .     Clarity  .     p - +0 chain mail
rNeg   . . .     SustAt   .     (no shield)
rPois  +         Gourm    .     q - +1 helmet
rElec  .         Spirit   .     (no cloak)
rCorr  .         Warding  .     b - +0 pair of gloves
rMut   .         Stasis   .     (no barding)
MR     +....                    (no amulet)
Stlth  ..........               (no ring)
                                (no ring)

@: lethally poisoned (0 -> -1), very slightly contaminated, hasted, quick,
somewhat resistant to hostile enchantments, extremely unstealthy
A: see invisible, deformed body, magic resistance 1, poison resistance, slowness
2, slow metabolism 1, spit poison 2, AC +2
a: Spit Poison


You were on level 5 of the Dungeon.
You were not hungry.

You visited 1 branch of the dungeon, and saw 5 of its levels.

You collected 176 gold pieces.
You spent 98 gold pieces at shops.


Innate Abilities, Weirdness & Mutations

You cannot wear boots.
Your serpentine skin is tough (AC +2).
You have supernaturally acute eyesight.
Armour fits poorly on your strangely shaped body.
Your system is resistant to poisons.
You cover ground very slowly.
You have a slow metabolism.
You can spit poison.
You are resistant to hostile enchantments.

Inventory:

Hand Weapons
 a - a +1 war axe (weapon)
Armour
 b - a +0 pair of gloves (worn)
 c - a +0 shield
 p - a +0 chain mail (worn)
 q - a +1 helmet (worn)
Scrolls
 g - 2 scrolls of enchant weapon {!r}
 h - a scroll of identify {!r}
 i - 3 scrolls of teleportation {!r}
 n - 2 scrolls of remove curse {!r}
 t - a scroll of recharging {!r, unknown}
Potions
 d - a potion of might {!qStr+5 DMG+1d10}
 o - a potion of mutation {!q}
Miscellaneous
 e - a plain deck of changes
Comestibles
 f - 2 meat rations {!e}
 j - 2 chunks of flesh {!e}
 r - 3 bread rations {!e}


You had 6 spell levels left.
You didn't know any spells.


   Skills:
 - Level 3.0 Fighting
 * Level 7.6 Axes
 - Level 2.4 Armour
 - Level 2.4 Shields

Dungeon Overview and Level Annotations

Branches:
Dungeon (5/15)
 Temple: D:4-7

Altars:
Cheibriados
Nemelex Xobeh
Ru
Trog

Shops:
D:4 *   D:5 (

Annotations:
D:5 tidbits's ghost, weakling DgTm

Vault maps used:
D:1:      dpeg_cavernosity, nemelex_deck
D:2:      first_bread
D:4:      serial_shops, shop, st_stairs_13, kennysheep_generic_room_11
D:5:      grunt_temple_overflow_open, gammafunk_temple_overflow_elements,
          old_standard_altar, minmay_temple_entry_glassed_door, serial_shops,
          shop, uniq_blork_the_orc
You       could see tidbits's ghost, an adder and a jackal.


Message History

You hit tidbits's ghost but do no damage.
The adder closely misses you.
The jackal bites you but does no damage.
Tidbits's ghost hits you.
You are electrocuted!
The adder bites you but does no damage.
You lost 19 HP.
You have now: 18/62 HP.
Unknown command.
Drink which item? (? for menu, Esc to quit)
Really quaff
k - a black potion {!q}?
It was a potion of haste {!q}.
You feel yourself speed up. The jackal barely misses you.
Tidbits's ghost hits you but does no damage.
You are electrocuted!
* * * LOW HITPOINT WARNING * * *
The adder barely misses you.
The jackal bites you but does no damage.
You are very lightly contaminated with residual magic.
You lost 16 HP.
You have now: 2/62 HP.
Unknown command.
The adder barely misses you. The jackal barely misses you.
The adder bites you but does no damage. x2
The jackal barely misses you.
The jackal bites you but does no damage.
The adder bites you.
* * * LOW HITPOINT WARNING * * *
You are lethally poisoned!
The adder poisons you!
You lost 2 HP.
You have now: 2/62 HP.
* * * LOW HITPOINT WARNING * * *
You feel sick.
You lost 1 HP.
You have now: 1/62 HP.
Drink which item? (? for menu, Esc to quit)
Really quaff
o - 2 viscous purple potions {!q}?
It was a potion of mutation {!q}.
You feel extremely strange.
You feel resistant to hostile enchantments.
You feel weaker.
You feel stronger. The adder completely misses you.
The jackal bites you but does no damage.
Unknown command.
You barely miss the adder.
The adder is lightly wounded.
You hit the jackal.
The jackal is moderately wounded.
The adder bites you but does no damage. The jackal barely misses you.
You miss the adder.
The adder is lightly wounded.
You hit the jackal.
The jackal is severely wounded.
You die...

Action                   |  1- 3 |  4- 6 |  7- 9 || total
-------------------------+-------+-------+-------++-------
Melee: War axe           |   104 |   168 |    27 ||   299
 Abil: Spit Poison       |       |     2 |       ||     2
  Use: Scroll            |       |    11 |       ||    11
       Potion            |       |     5 |     2 ||     7
  Eat: Chunk             |       |     8 |     1 ||     9

Notes
Turn   | Place    | Note
--------------------------------------------------------------
     0 | D:1      | Alipheese the Naga Fighter began the quest for the Orb.
     0 | D:1      | Reached XP level 1. HP: 21/21 MP: 1/1
   149 | D:1      | Reached XP level 2. HP: 24/28 MP: 2/2
   209 | D:1      | Reached skill level 3 in Axes
   309 | D:1      | Found a sparkling altar of Nemelex Xobeh.
   351 | D:1      | Reached XP level 3. HP: 32/34 MP: 3/3
  1089 | D:2      | Reached skill level 4 in Axes
  1132 | D:2      | Reached XP level 4. HP: 23/42 MP: 4/4
  2246 | D:3      | Reached skill level 5 in Axes
  2246 | D:3      | Reached XP level 5. HP: 30/49 MP: 5/5
  3018 | D:4      | Reached skill level 6 in Axes
  3018 | D:4      | Reached XP level 6. HP: 49/56 MP: 6/6
  3141 | D:4      | Found Fenodisi's Assorted Antiques.
  3149 | D:4      | Bought a scroll labeled YNE ZANORARAF for 26 gold pieces
  3149 | D:4      | Bought a scroll labeled YNE ZANORARAF for 26 gold pieces
  3149 | D:4      | Bought 2 viscous purple potions for 46 gold pieces
  3632 | D:5      | Entered Level 5 of the Dungeon
  3669 | D:5      | Reached skill level 7 in Axes
  3695 | D:5      | Reached XP level 7. HP: 11/62 MP: 7/7
  3764 | D:5      | Noticed tidbits's ghost (weakling DgTm)
  3955 | D:5      | Found Xyoz Pui's Weapon Emporium.
  4002 | D:5      | Found a bloodstained altar of Trog.
  4002 | D:5      | Found a snail-covered altar of Cheibriados.
  4021 | D:5      | Found a sacrificial altar of Ru.
  4118 | D:5      | HP: 2/62 [tidbits's ghost (16)]
  4130 | D:5      | HP: 2/62 [adder (3)]
  4132 | D:5      | Gained mutation: You are resistant to hostile enchantments. [potion of mutation]
  4132 | D:5      | Gained mutation: You are weak. (Str -2) [potion of mutation]
  4132 | D:5      | Lost mutation: You are weak. (Str -2) [potion of mutation]
  4134 | D:5      | Succumbed to an adder's poison

Table legend:
 A = Turns spent in this place as a percentage of turns spent in the entire game.
 B = Non-inter-level travel turns spent in this place as a percentage of non-inter-level travel turns spent in the entire game.
 C = Inter-level travel turns spent in this place as a percentage of turns spent in this place.
 D = Turns resting spent in this place as a percentage of non-inter-level travel turns spent in this place.
 E = Turns spent auto-exploring this place as a percentage of non-inter-level travel turns spent in this place.
 F = Non-inter-level travel turns spent in this place divided by the number of levels of this place that you've seen.
                   A       B       C       D       E      F
               +-------+-------+-------+-------+-------+----------------------
         Total | 100.0 | 100.0 |   0.5 |   2.5 |  12.7 | 216.4
       Dungeon | 100.0 | 100.0 |   0.5 |   2.5 |  12.7 | 216.4
               +-------+-------+-------+-------+-------+----------------------

Table legend:
 A = Kills in this place as a percentage of kills in entire the game.
 B = Kills by you in this place as a percentage of kills by you in the entire game.
 C = Kills by friends in this place as a percentage of kills by friends in the entire game.
 D = Other kills in this place as a percentage of other kills in the entire game.
 E = Experience gained in this place as a percentage of experience gained in the entire game.
 F = Experience gained in this place divided by the number of levels of this place that you have seen.
                   A       B       C       D       E      F
               +-------+-------+-------+-------+-------+----------------------
         Total | 100.0 | 100.0 |  -nan |  -nan | 100.0 | 146.4
       Dungeon | 100.0 | 100.0 |  -nan |  -nan | 100.0 | 146.4
               +-------+-------+-------+-------+-------+----------------------

Vanquished Creatures
  A scorpion (D:4)
  A jelly (D:5)
  2 orc priests
  A worker ant (D:5)
  A centaur skeleton (D:4)
  2 iguanas (D:5)
  3 orc wizards (D:5)
  9 adders
  An ooze (D:4)
  2 giant geckos (D:1)
  5 orcs
  4 ball pythons
  13 hobgoblins
  A quokka (D:4)
  16 bats
  2 giant cockroaches (D:3)
  2 giant newts
  10 goblins
  9 jackals
  5 kobolds
  6 rats
96 creatures vanquished.
